 Dungeon Crawl Stone Soup version 0.23.0 (webtiles) character file.

Game seed: 15208179721157155623

119 Ivernyr the Magician (level 5, -8/42 HPs)
             Began as a Naga Wizard on Feb 18, 2019.
             Killed by nerve-wracking pain
             ... invoked by Jessica
              (9 damage)
             ... on level 3 of the Dungeon.
             The game lasted 00:11:23 (2286 turns).

Ivernyr the Magician (Naga Wizard)                  Turns: 2286, Time: 00:11:24

Health: -8/42      AC:  3    Str:  9    XL:     5   Next: 3%
Magic:  3/11       EV: 10    Int: 19    God:
Gold:   103        SH:  0    Dex: 10    Spells: 3/12 levels left

rFire    . . .     SeeInvis +   h - +0 mace
rCold    . . .     Gourm    .   (no shield)
rNeg     . . .     Faith    .   a - +0 robe
rPois    +         Spirit   .   j - +0 helmet
rElec    .         Reflect  .   (no cloak)
rCorr    .         Harm     .   (no gloves)
MR       .....                  (no barding)
Stlth    ++........             (no amulet)
HPRegen  0.14/turn              (no ring)
MPRegen  0.12/turn              (no ring)

@: very slow
A: large, see invisible, deformed body, poison resistance, slowness 2, slow
metabolism 1, spit poison 1, AC +1
a: Spit Poison


You were on level 3 of the Dungeon.
You were hungry.

You visited 1 branch of the dungeon, and saw 3 of its levels.

You collected 103 gold pieces.

Inventory:

Hand Weapons
 h - a +0 mace (weapon)
Armour
 a - a +0 robe (worn)
 b - a +0 hat
 j - a +0 helmet (worn)
Scrolls
 c - 7 scrolls of identify {unknown}
 e - 3 scrolls of remove curse {unknown}
 m - a scroll of magic mapping {unknown}
 n - 2 scrolls of immolation {unknown}
 o - a scroll of noise {unknown}
 p - a scroll of fear {unknown}
Potions
 f - a potion of degeneration {unknown}
 g - a potion of cancellation {unknown}
 i - a potion of curing
 k - a potion of heal wounds {unknown}
 l - a potion of flight {unknown}
Comestibles
 d - 4 rations
 q - 2 chunks of flesh


   Skills:
 + Level 2.4 Dodging
 - Level 3.0 Stealth
 + Level 4.0 Spellcasting
 * Level 2.7 Conjurations
   Level 1.0 Summonings
 - Level 1.0 Translocations


You had 3 spell levels left.
You knew the following spells:

 Your Spells              Type           Power        Failure   Level  Hunger
a - Magic Dart            Conj           ##..         4%          1    None
b - Blink                 Tloc           N/A          14%         2    ##.....
c - Conjure Flame         Conj/Fire      #.......     24%         3    ###....
d - Mephitic Cloud        Conj/Pois/Air  #.......     28%         3    ###....

Your spell library contained the following spells:

 Spells                   Type           Power        Failure   Level  Hunger
 Call Imp                 Summ           #.......     14%         2    ##.....
 Slow                     Hex            #.......     21%         2    ##.....


Dungeon Overview and Level Annotations

Branches:
Dungeon (3/15)

Altars:

Annotations:
D:3 Jessica


Innate Abilities, Weirdness & Mutations

You cannot wear boots.
Your serpentine skin is tough. (AC +1)
You have supernaturally acute eyesight. (SInv)
Armour fits poorly on your strangely shaped body.
Your system is resistant to poisons. (rPois)
You cover ground very slowly.
You have a slow metabolism.
You can spit poison.


Message History

Confirm with . or Enter, or press ? or * to list all spells.
Aiming: Magic Dart (safe; 4% risk of failure)
Press: ? - help, Shift-Dir - straight line, f/p - worm
Aim: a worm (heavily wounded)
The magic dart hits the worm.
The worm is heavily wounded.
Really slither into that dispersal trap?
You enter a dispersal trap!
The worm blinks! x2; You blink.
Really slither into that dispersal trap?
You enter a dispersal trap!
The worm blinks!
You blink.
Jessica gestures at you while chanting.
You struggle to resist.
Jessica mumbles some strange words.
Jessica seems to speed up.
Jessica casts a spell at you. Pain shoots through your body!
* * * LOW HITPOINT WARNING * * *
Jessica gestures at you while chanting. Pain shoots through your body!
You die...

#.##.#. ##.## #.##.#.
#...# #...... #...#
####.## #...########...
#...##...§.§.##
######...##.#####...
.####.............###.##
.......@.w.........##.##
#####)..................
######@.)##.......##
#...#####..##.. #...#
#..##.# #.))# #..##.#
#÷).# #...... ##.##
#####.# .... #.#


You could see a worm and Jessica.

Vanquished Creatures
  3 gnolls (D:2)
  3 adders (D:2)
  2 oozes
  An adder skeleton (D:2)
  3 worms (D:2)
  2 dart slugs
  A leopard gecko (D:1)
  4 orcs (D:3)
  3 goblins
  5 hobgoblins
  A ball python (D:1)
  5 bats
  3 frilled lizards
  6 kobolds
  A rat (D:1)
43 creatures vanquished.

Notes
Turn   | Place    | Note
-------+----------+-------------------------------------------
     0 | D:1      | Ivernyr the Naga Wizard began the quest for the Orb.
     0 | D:1      | Reached XP level 1. HP: 15/15 MP: 4/4
   125 | D:1      | Reached XP level 2. HP: 21/22 MP: 4/6
   129 | D:1      | Learned a level 2 spell: Blink
   535 | D:2      | Reached XP level 3. HP: 20/28 MP: 5/8
  1185 | D:2      | Learned a level 3 spell: Conjure Flame
  1189 | D:2      | Learned a level 3 spell: Mephitic Cloud
  1193 | D:2      | Reached XP level 4. HP: 36/36 MP: 5/9
  1721 | D:2      | Reached skill level 4 in Spellcasting
  2243 | D:3      | Reached XP level 5. HP: 11/42 MP: 1/11
  2250 | D:3      | Noticed Jessica
  2286 | D:3      | HP: 1/42 [Jessica/nerve-wracking pain (6)]
  2286 | D:3      | Killed from afar by Jessica

Skill      XL: |  1  2  3  4 |
---------------+-------------+-----
Dodging        | 2 |  2.4
Conjurations   | 2 |  2.7
Spellcasting   | 4 |  4.0
Stealth        | |  3.0
Summonings     | |  1.0
Translocations | |  1.0

Action                   |  1- 3 |  4- 6 || total
-------------------------+-------+-------++-------
Melee: Unarmed           |     6 |       ||     6
       Mace              |    16 |    23 ||    39
 Cast: Magic Dart        |    37 |    32 ||    69
       Mephitic Cloud    |       |     2 ||     2
 Abil: Spit Poison       |    20 |    17 ||    37
  Eat: Ration            |       |     1 ||     1
       Chunk             |       |     1 ||     1
Armor: Robe              |     2 |     1 ||     3
Dodge: Dodged            |    14 |    17 ||    31
